 Dungeon Crawl Stone Soup version 0.29.0-15-g675c0067aa (webtiles) character file.

Game seed: 4946831195061893914

433 qw the Chopper (level 7, -9/44 HPs)
             Began as a Gargoyle Fighter on Sept 12, 2022.
             Mangled by an ogre
             ... wielding a +0 giant club
              (18 damage)
             ... on level 4 of the Dungeon.
             The game lasted 00:01:18 (3496 turns).

qw the Chopper (Gargoyle Fighter)                   Turns: 3496, Time: 00:01:18

Health: -9/44      AC: 15    Str: 21    XL:     7   Next: 0%
Magic:  7/7        EV:  7    Int:  9    God:
Gold:   149        SH:  4    Dex:  9    Spells: 6/6 levels left

rFire   . . .      SeeInvis .   Y - +0 war axe
rCold   . . .      Faith    .   c - +0 buckler
rNeg    + . .      Spirit   .   m - +0 chain mail
rPois   inf        Reflect  .   (no helmet)
rElec   +          Harm     .   f - +0 cloak
rCorr   .          Rampage  .   (no gloves)
Will    .....                   (no boots)
Stlth   ..........              (no amulet)
HPRegen 0.14/turn               (no ring)
MPRegen 0.10/turn               (no ring)

@: no status effects
A: sickness immunity, AC +4, negative energy resistance 1, electricity
resistance, torment resistance 1, petrification resistance
a: no special abilities


You were on level 4 of the Dungeon.
You visited 1 branch of the dungeon, and saw 4 of its levels.

You collected 149 gold pieces.


Innate Abilities, Weirdness & Mutations

You are immune to sickness and miasma.
Your stone body is resilient. (AC +4)
You are immune to poison.
You resist negative energy. (rN+)
You are resistant to electric shocks. (rElec)
You are resistant to unholy torment.
You are immune to petrification.


   Skills:
 - Level 4.7 Fighting
 + Level 5.5 Axes
 - Level 1.8 Throwing
 - Level 3.2 Armour
 - Level 3.2 Shields


You had 6 spell levels left.
You didn't know any spells.
Your spell library was empty.

Inventory:

Hand Weapons
 h - a +0 whip of freezing
 Y - a +0 war axe (weapon)
Missiles
 j - 2 silver boomerangs (quivered)
Armour
 c - a +0 buckler (worn)
 f - a +0 cloak (worn)
 m - a +0 chain mail (worn)
Jewellery
 e - a ring of ice
Scrolls
 a - 2 scrolls of identify
Potions
 b - a potion of attraction {unknown}
 d - 2 potions of might
 g - a potion of lignification {unknown}
 i - a potion of flight {unknown}
 k - a potion of ambrosia {unknown}

Dungeon Overview and Level Annotations

Branches:
Dungeon (4/15)             Temple (0/1) D:4

Altars:
Kikubaaqudgha

Annotations:
D:3 1 runed translucent door, Crazy Yiuf


Message History

The quokka bites you but does no damage. x2
You hit the quokka.
The quokka is moderately wounded.
The quokka bites you but does no damage.
You hit the quokka.
You kill the quokka!
An ogre comes into view. It is wielding a +0 giant club.
The ogre shouts!
You see here 12 gold pieces.
Throw: 2 boomerangs (silver)
Press: ? - help, Q - select action Shift-Dir - straight line, f - ogre You throw a silver boomerang.
The silver boomerang hits the ogre but does no damage.
The ogre is lightly wounded.
You hear the rapid rusting of a drain nearby.
A hobgoblin comes into view.
3488 ||| Stepping ~*~*~tactically~*~*~ (stealth).
The ogre attacks as you move away! The ogre hits you but does no damage.
You barely miss the ogre.
The ogre is lightly wounded.
The ogre barely misses you.
You slash the ogre!
The ogre is moderately wounded.
The ogre hits you with a +0 giant club!
You barely miss the ogre.
The ogre is moderately wounded.
The ogre hits you with a +0 giant club.
You slash the ogre!
The ogre is almost dead.
The ogre hits you but does no damage.
You closely miss the ogre.
The ogre is almost dead.
You barely miss the ogre.
The ogre is almost dead.
The ogre hits you with a +0 giant club!!
Ouch! That really hurt!
You barely miss the ogre.
The ogre is almost dead.
The ogre hits you with a +0 giant club!!
You die...

######## .......#
######.#############
................@O.#
..............####.#
.....#.#%####%# .#
....>#.#.# #.# .#
###..#.#.# ... .# #
#).#.#.# .... .g #
#..#.#.# .....# ##
###..#.#.# ......
.......#.##.......


You could see an ogre.

Vanquished Creatures
  A black bear (D:4)
  A necrophage (D:4)
  A scorpion (D:4)
  A jelly (D:4)
  An orc priest (D:4)
  8 adders
  A worm (D:2)
  4 dart slugs
  3 orcs (D:3)
  5 endoplasms
  2 giant cockroaches
  5 goblins
  5 hobgoblins
  9 jackals
  2 quokkas
  6 ball pythons
  7 bats
  2 frilled lizards
  7 kobolds
  7 rats
78 creatures vanquished.

Notes
Turn   | Place    | Note
-------+----------+-------------------------------------------
     0 | D:1      | qw the Gargoyle Fighter began the quest for the Orb.
     0 | D:1      | Reached XP level 1. HP: 14/14 MP: 1/1
     0 | D:1      | 0 ||| qw: Version: 0.1-a-119-g272c26d
     0 | D:1      | 0 ||| qw: Game counter: 11012
     0 | D:1      | 0 ||| qw: Always use a shield: true
     0 | D:1      | 0 ||| qw: God list: Okawaru
     0 | D:1      | 0 ||| qw: Allow faded altars: false
     0 | D:1      | 0 ||| qw: Do Orc after D:15 true
     0 | D:1      | 0 ||| qw: Do second Lair branch before Depths: true
     0 | D:1      | 0 ||| qw: Lair rune preference: random
     0 | D:1      | 0 ||| qw: Plans: Normal, Zot, God:TSO, Crypt, Tomb, Pan,
                  | Slime, Hells, Zig, Abyss, Orb
     0 | D:1      | 0 ||| PLANNING D:1-11
   104 | D:1      | 104 ||| Stepping ~*~*~tactically~*~*~ (stealth).
   112 | D:1      | Reached skill level 2 in Axes
   112 | D:1      | 112 ||| Stepping ~*~*~tactically~*~*~ (stealth).
   214 | D:1      | Reached XP level 2. HP: 16/19 MP: 2/2
   957 | D:1      | Reached skill level 3 in Axes
  1027 | D:1      | 1027 ||| READING scroll labelled USUBUO IGUM.
  1046 | D:2      | Reached XP level 3. HP: 21/23 MP: 3/3
  1079 | D:2      | 1079 ||| Stepping ~*~*~tactically~*~*~ (stealth).
  1083 | D:2      | 1083 ||| Stepping ~*~*~tactically~*~*~ (stealth).
  1097 | D:2      | 1097 ||| Stepping ~*~*~tactically~*~*~ (stealth).
  1111 | D:2      | 1111 ||| Stepping ~*~*~tactically~*~*~ (stealth).
  1176 | D:2      | 1176 ||| DROPPING +0 club.
  1232 | D:2      | Reached XP level 4. HP: 28/28 MP: 4/4
  1314 | D:2      | Reached skill level 4 in Axes
  1416 | D:2      | Found a faded altar of an unknown god.
  1560 | D:2      | 1560 ||| Stepping ~*~*~tactically~*~*~ (hiding).
  1892 | D:2      | 1892 ||| READING 2 scrolls labelled OVESTA GOSK.
  1939 | D:2      | 1939 ||| READING scroll labelled PEIZIX PESMIOMYGG.
  1940 | D:2      | 1940 ||| DRINKING 2 clear potions.
  1941 | D:2      | 1941 ||| DROPPING scroll of torment.
  1942 | D:2      | 1942 ||| DROPPING potion of degeneration.
  1994 | D:3      | 1994 ||| Stepping ~*~*~tactically~*~*~ (stealth).
  1996 | D:3      | 1996 ||| Stepping ~*~*~tactically~*~*~ (stealth).
  2105 | D:3      | Reached XP level 5. HP: 31/32 MP: 5/5
  2315 | D:3      | 2315 ||| FLEEEEING.
  2316 | D:3      | 2316 ||| FLEEEEING.
  2321 | D:3      | 2321 ||| FLEEEEING.
  2322 | D:3      | 2322 ||| FLEEEEING.
  2323 | D:3      | 2323 ||| FLEEEEING.
  2326 | D:3      | 2326 ||| FLEEEEING.
  2328 | D:3      | 2328 ||| FLEEEEING.
  2337 | D:3      | 2337 ||| STAIRDANCE
  2374 | D:2      | 2374 ||| UPGRADING to +0 cloak.
  2384 | D:3      | 2384 ||| STAIRDANCE
  2399 | D:2      | 2399 ||| FLEEEEING.
  2526 | D:3      | Found a runed translucent door.
  2527 | D:3      | Noticed Crazy Yiuf
  2721 | D:3      | 2721 ||| UPGRADING to +0 chain mail.
  2731 | D:3      | 2731 ||| DROPPING +0 scale mail.
  2732 | D:3      | 2732 ||| READING scroll labelled WADA PUXTAHIUDY.
  2782 | D:4      | 2782 ||| PLANNING SEWER
  2801 | D:4      | Reached skill level 5 in Axes
  2801 | D:4      | 2801 ||| STAIRDANCE
  3015 | D:4      | Found an ancient bone altar of Kikubaaqudgha.
  3032 | D:4      | Reached skill level 1 in Throwing
  3032 | D:4      | Reached XP level 6. HP: 35/37 MP: 6/6
  3165 | D:4      | Found a staircase to the Ecumenical Temple.
  3198 | D:4      | Noticed a black bear
  3200 | D:4      | 3200 ||| Stepping ~*~*~tactically~*~*~ (hiding).
  3212 | D:4      | Killed a black bear
  3461 | D:4      | Reached XP level 7. HP: 44/44 MP: 7/7
  3488 | D:4      | 3488 ||| Stepping ~*~*~tactically~*~*~ (stealth).
  3495 | D:4      | HP: 8/44 [ogre/+0 giant club (22)]
  3496 | D:4      | Mangled by an ogre

Levels and vault maps discovered:
D:1:      lemuel_arrival_rhombus, layout_loops_corners
D:2:      layout_basic, basic_ecumenical_altar, minmay_tromino_i2
D:3:      layout_basic, nrook_mini_backslash, uniq_crazy_yiuf_cottage
D:4:      layout_loops_ring, nicolae_kikubaaqudgha_miasma_corner,
          minmay_temple_entry_glassed_door, cheibrodos_sewer_entry_sluice

Skill      XL: |  1  2  3  4  5  6 |
---------------+-------------------+-----
Axes           | 2 3 4 5 |  5.5
Throwing       | 1 |  1.8
Fighting       | 4 |  4.7
Armour         | |  3.2
Shields        | |  3.2

Action                   |  1- 3 |  4- 6 |  7- 9 || total
-------------------------+-------+-------+-------++-------
Melee: War axe           |    86 |   164 |    10 ||   260
Throw: Boomerang         |       |    26 |     2 ||    28
  Use: Scroll            |     1 |     3 |       ||     4
       Potion            |       |     1 |       ||     1
Armor: Scale mail        |    62 |    50 |       ||   112
       Chain mail        |       |    38 |     5 ||    43
Dodge: Dodged            |    40 |    77 |     1 ||   118
Block: Buckler           |    17 |    29 |       ||    46

Table legend:
 A = Non-vault XP
 B = Vault XP
 C = Vault XP percentage of total XP
 D = Non-vault monster count
 E = Vault monster count
 F = Vault count percentage of total count
                 A         B        C        D         E       F
            +---------+---------+-------+---------+---------+-------
      Total |     605 |      14 |   2.3 |      77 |       1 |   1.3
            +---------+---------+-------+---------+---------+-------
        D:1 |      32 |       0 |   0.0 |      19 |       0 |   0.0
        D:2 |     102 |      14 |  12.1 |      23 |       1 |   4.2
        D:3 |      58 |       0 |   0.0 |      23 |       0 |   0.0
        D:4 |     413 |       0 |   0.0 |      12 |       0 |   0.0
            +---------+---------+-------+---------+---------+-------
